 Dungeon Crawl Stone Soup version 0.26.0-10-g1f06aea511 (webtiles) character file.

Game seed: 6731640805404857640

3278 trm the Skirmisher (level 9, -6/74 HPs)
             Began as a Demonspawn Conjurer on Jan 21, 2021.
             Was an Initiate of Gozag.
             Mangled by a troll (8 damage)
             ... on level 9 of the Dungeon.
             The game lasted 00:22:36 (11780 turns).

trm the Skirmisher (Demonspawn Conjurer)           Turns: 11780, Time: 00:22:37

Health: -6/74      AC:  9    Str: 13    XL:     9   Next: 69%
Magic:  14/17      EV: 12    Int: 24    God:    Gozag
Gold:   276        SH:  0    Dex: 11    Spells: 8/19 levels left

rFire    . . .     SeeInvis .   L - +3 morningstar (freeze)
rCold    . . .     Faith    .   (no shield)
rNeg     . . .     Spirit   .   a - +0 robe
rPois    .         Reflect  .   (helmet restricted)
rElec    .         Harm     .   v - +0 cloak
rCorr    +         Rampage  .   w - +0 pair of gloves
Will     .....                  d - +2 pair of boots
Stlth    ++........             (no amulet)
HPRegen  0.22/turn              M - +6 ring of strength
MPRegen  0.15/turn              n - ring of resist corrosion

@: no status effects
A: horns 2, blink, sharp scales 2
a: Blink, Renounce Religion, Potion Petition, Call Merchant, Bribe Branch


You were on level 9 of the Dungeon.
You worshipped Gozag.
Gozag was aware of your devotion.
You visited 2 branches of the dungeon, and saw 10 of its levels.

You collected 860 gold pieces.
You spent 547 gold pieces at shops.
You paid 37 gold pieces to Gozag.

Inventory:

Hand Weapons
 b - a +0 dagger of distortion
 k - a +0 short sword
 L - a +3 morningstar of freezing (weapon)
 P - the +4 mace of Disintegration {vorpal, rF+ Int+2}
   (You found it on level 7 of the Dungeon)

   It inflicts extra damage upon your enemies.
   It affects your intelligence (+2).
   It protects you from fire.
Missiles
 C - 7 javelins
 D - a throwing net
 F - 15 poisoned darts
Armour
 a - a +0 robe (worn)
 d - a +2 pair of boots (worn)
 m - a +0 buckler
 v - a +0 cloak (worn)
 w - a +0 pair of gloves (worn)
Jewellery
 j - an uncursed ring of fire
 n - a ring of resist corrosion (right hand)
 y - an uncursed ring of positive energy
 B - an uncursed ring of see invisible
 M - a +6 ring of strength (left hand)
Wands
 H - a wand of digging (8)
 I - a wand of random effects (19)
 Q - a wand of paralysis (7)
Scrolls
 c - 3 scrolls of remove curse
 e - 3 scrolls of blinking
 i - 3 scrolls of immolation
 o - 4 scrolls of amnesia
 x - a scroll of teleportation
 G - 2 scrolls of fog
 O - a scroll of noise
Potions
 f - 3 potions of ambrosia {unknown}
 g - 3 potions of resistance {unknown}
 h - 3 potions of might {unknown}
 l - 2 potions of attraction {unknown}
 p - a potion of lignification {unknown}
 q - 2 potions of heal wounds {unknown}
 r - a potion of flight {unknown}
 s - 4 potions of curing {unknown}
 t - a potion of magic {unknown}
 z - a potion of cancellation {unknown}
 K - a potion of invisibility {unknown}
 N - 2 potions of mutation {unknown}


   Skills:
 + Level 7.9 Fighting
 + Level 5.4 Maces & Flails
 - Level 1.7 Dodging
 - Level 1.7 Stealth
 + Level 1.0 Shields
 - Level 5.9 Spellcasting
 - Level 7.4 Conjurations
 - Level 1.0 Summonings
 - Level 1.0 Fire Magic
 - Level 1.0 Air Magic
 - Level 1.0 Poison Magic


You had 8 spell levels left.
You knew the following spells:

 Your Spells              Type           Power        Failure   Level
a - Magic Dart            Conj           100%         1%          1
b - Searing Ray           Conj           84%          1%          2
e - Call Imp              Summ           11%          9%          2
m - Mephitic Cloud        Conj/Pois/Air  22%          7%          3
u - Conjure Flame         Conj/Fire      27%          4%          3

Your spell library contained the following spells:

 Spells                   Type           Power        Failure   Level
 Dazzling Flash           Conj/Hex       50%          5%          3
 Blink                    Tloc           N/A          12%         2
 Slow                     Hex            7%           12%         2
 Fulminant Prism          Conj/Hex       12%          17%         4
 Iskenderun's Mystic Bla  Conj/Tloc      25%          17%         4
 Confusing Touch          Hex            7%           24%         3
 Gell's Gravitas          Tloc           3%           24%         3
 Petrify                  Tmut/Erth      7%           63%         4
 Metabolic Englaciation   Hex/Ice        3%           92%         5
 Yara's Violent Unravell  Hex/Tmut       3%           92%         5


Dungeon Overview and Level Annotations

Branches:
Dungeon (9/15)             Temple (1/1) D:4
   Lair: D:8-11         Orc: D:9-12

Altars:
Ashenzari
Cheibriados
Dithmenos
Elyvilon
Fedhas
Gozag
Hepliaklqana
Kikubaaqudgha
Makhleb
Nemelex Xobeh
Okawaru
Qazlal
Ru
Sif Muna
Trog
Uskayaw
Vehumet
Wu Jian
Xom
Yredelemnul
Zin
The Shining One

Shops:
D:5 [   D:7 [

Annotations:
D:7 2 transporters, Dracia's ghost, novice DsFi


Innate Abilities, Weirdness & Mutations

You have a pair of horns on your head.
You are mostly covered in razor-sharp scales. (AC +2, Slay +2)
You can translocate small distances at will.


Message History

The troll claws you.
* * * LOW HITPOINT WARNING * * *
The troll claws you but does no damage.
Okay, then.
Okay, then.
Casting: Mephitic Cloud (dangerous; 7% risk of failure)
Confirm with . or Enter, or press ? or * to list all spells.
You don't know that spell.
Casting: Mephitic Cloud (dangerous; 7% risk of failure)
Confirm with . or Enter, or press ? or * to list all spells.
Aiming: Mephitic Cloud (dangerous; 7% risk of failure)
Press: ? - help, Shift-Dir - straight line The ball explodes into a vile cloud!
The stinking cloud engulfs the troll but does no damage.
You hear an angry hiss.
You hear a shout!
The troll bites you!
* * * LOW HITPOINT WARNING * * *
The troll claws you!
You die...
Your body crumbles into a pile of gold.

...... #####....######
....#.........#
....#.........#
....#.....$...#
....#..>......#
....######'#..###########
......#..$.#.............
......#....#....@T§......
......'....#.....○§☼.....
......#....#.....☼§☼.....
......#....#.............
......#....#.............
#########################


You could see a troll.

Vanquished Creatures
  A cyclops (D:8)
  Grinder (D:6)
  A hornet (D:9)
  Grum (D:8)
  An ice beast (D:7)
  3 orc warriors
  3 ogres
  A centaur (D:8)
  3 wolves (D:7)
  A big kobold (D:9)
  A gnoll sergeant (D:7)
  2 bullfrogs
  A wyvern zombie (D:8)
  A scorpion (D:8)
  4 howler monkeys
  A bullfrog zombie (D:7)
  Crazy Yiuf (D:3)
  2 bullfrog skeletons
  A centaur skeleton (D:8)
  4 hounds
  A jelly (D:5)
  4 orc wizards
  An iguana (D:3)
  6 worker ants
  A hound zombie (D:9)
  12 gnolls
  A howler monkey skeleton (D:8)
  9 adders
  2 white imps
  An ufetubus (D:5)
  2 adder skeletons (D:9)
  3 worms
  A dart slug (D:1)
  A leopard gecko (D:2)
  18 orcs
  2 ball pythons
  11 bats
  2 giant cockroaches
  11 goblins
  9 hobgoblins
  3 jackals (D:3)
  3 quokkas
  6 frilled lizards
  A jackal zombie (D:7)
  13 kobolds
  A leopard gecko skeleton (D:8)
  12 rats
171 creatures vanquished.

Notes
Turn   | Place    | Note
-------+----------+-------------------------------------------
     0 | D:1      | trm the Demonspawn Conjurer began the quest for the Orb.
     0 | D:1      | Reached XP level 1. HP: 13/13 MP: 3/3
   489 | D:1      | Gained mutation: You are partially covered in razor-sharp
                  | scales. (AC +1, Slay +1) [demonic ancestry]
   489 | D:1      | Reached XP level 2. HP: 20/20 MP: 3/5
   492 | D:1      | Learned a level 2 spell: Searing Ray
   724 | D:1      | Reached skill level 1 in Fighting
  1739 | D:2      | Reached XP level 3. HP: 26/26 MP: 3/6
  2231 | D:2      | Reached XP level 4. HP: 26/33 MP: 3/8
  2840 | D:3      | Found a runed translucent door.
  2841 | D:3      | Noticed Crazy Yiuf
  3516 | D:3      | Killed Crazy Yiuf
  3517 | D:3      | Gained mutation: You have a pair of small horns on your
                  | head. [demonic ancestry]
  3517 | D:3      | Reached XP level 5. HP: 15/39 MP: 1/9
  3817 | D:2      | Reached skill level 5 in Conjurations
  4296 | D:2      | Found a sacrificial altar of Ru.
  4649 | D:4      | Noticed an ogre
  4657 | D:4      | Killed an ogre
  4658 | D:4      | Reached XP level 6. HP: 47/47 MP: 3/11
  4760 | D:4      | Found a blossoming altar of Fedhas.
  4760 | D:4      | Found an ancient bone altar of Kikubaaqudgha.
  5542 | D:4      | Found a staircase to the Ecumenical Temple.
  5554 | Temple   | Entered the Ecumenical Temple
  5884 | Temple   | Became a worshipper of Gozag Ym Sagoz the Greedy
  5924 | D:4      | Learned a level 3 spell: Conjure Flame
  5928 | D:4      | Learned a level 3 spell: Mephitic Cloud
  5931 | D:4      | Learned a level 2 spell: Call Imp
  6211 | D:5      | Entered Level 5 of the Dungeon
  6352 | D:5      | Noticed an orc warrior
  6385 | D:5      | Killed an orc warrior
  6534 | D:5      | Reached XP level 7. HP: 54/54 MP: 7/13
  6605 | D:5      | Found Merrodoh's Antique Armour Emporium.
  6797 | D:5      | Found a glowing silver altar of Zin.
  6907 | D:5      | Found a shadowy altar of Dithmenos.
  7630 | D:6      | Found a glowing golden altar of the Shining One.
  7642 | D:6      | Reached skill level 5 in Spellcasting
  7822 | D:6      | Noticed Grinder
  7828 | D:6      | Paralysed by Grinder for 5 turns
  7836 | D:6      | Killed Grinder
  7837 | D:6      | Reached skill level 5 in Fighting
  7837 | D:6      | Gained mutation: You have a pair of horns on your head.
                  | [demonic ancestry]
  7837 | D:6      | Reached XP level 8. HP: 62/62 MP: 4/15
  7933 | D:6      | Found a shimmering altar of Xom.
  7961 | D:6      | Found a sparkling altar of Nemelex Xobeh.
  8436 | D:7      | Reached skill level 1 in Maces & Flails
  8734 | D:7      | Found a transporter.
  8734 | D:7      | Noticed Dracia's ghost (novice DsFi)
  8790 | D:7      | Got a masterwork mace
  8791 | D:7      | Identified the +4 mace of Disintegration {vorpal, rF+
                  | Int+2} (You found it on level 7 of the Dungeon)
  8824 | D:7      | Found Reruhin's Armour Boutique.
  9165 | D:7      | Found a transporter.
  9418 | D:8      | Noticed Grum
  9802 | D:8      | Gained mutation: You are mostly covered in razor-sharp
                  | scales. (AC +2, Slay +2) [demonic ancestry]
  9802 | D:8      | Reached XP level 9. HP: 45/71 MP: 17/17
 10237 | D:8      | Killed Grum
 10408 | D:8      | Noticed a cyclops
 10422 | D:8      | Killed a cyclops
 10423 | D:8      | Reached skill level 1 in Summonings
 10423 | D:8      | Reached skill level 1 in Fire Magic
 10423 | D:8      | Reached skill level 1 in Air Magic
 10423 | D:8      | Reached skill level 1 in Poison Magic
 10924 | D:8      | Found a hide-covered altar of Uskayaw.
 11177 | D:9      | Reached skill level 5 in Maces & Flails
 11217 | D:9      | Found an iron altar of Okawaru.
 11488 | D:5      | Bought a distressingly furry robe for 176 gold pieces
 11498 | D:5      | Identified the +2 robe of Lust {*Contam +Fly rPois MP-9}
                  | (You bought it in a shop on level 5 of the Dungeon)
 11503 | D:5      | Gained mutation: You can translocate small distances at
                  | will. [mutagenic glow]
 11505 | D:5      | Bought a pair of runed boots for 232 gold pieces
 11526 | D:5      | Bought a buckler for 139 gold pieces
 11767 | D:9      | Reached skill level 1 in Shields
 11770 | D:9      | Noticed a troll
 11780 | D:9      | HP: 2/74 [troll (14)]
 11780 | D:9      | Mangled by a troll

Illustrated notes

Levels and vault maps discovered:
D:1:      dpeg_arrival_boxes_within_box, layout_loops_ring
D:2:      layout_basic, nicolae_ru_path_of_blood
D:3:      layout_basic, uniq_crazy_yiuf_cottage
D:4:      layout_layer_cave, grunt_temple_overflow_growth_and_decay,
          minmay_temple_entry_offerings
D:5:      layout_loops_ring, grunt_temple_overflow_open, serial_shops,
          nicolae_shop_competitors_out_of_business
D:6:      layout_rooms, nemelex_altar_shiori, nicolae_tso_carved_into_rock,
          nicolae_overflow_hidden_temple, uniq_grinder
D:7:      layout_loops_cross, gammafunk_ghost_smash, serial_shops, shop
D:8:      layout_gridville, kennysheep_little_box, uniq_grum
D:9:      layout_grid_maze, kennysheep_mini_moat
Temple:   minmay_temple_forest_path

Skill      XL: |  1  2  3  4  5  6  7  8  9 |
---------------+----------------------------+-----
Fighting       | 1 2 3 4 5 6 7 |  7.9
Spellcasting   | 3 4 5 |  5.9
Conjurations   | 5 6 7 |  7.4
Maces & Flails | 3 5 |  5.4
Summonings     | 1 |  1.0
Fire Magic     | 1 |  1.0
Air Magic      | 1 |  1.0
Poison Magic   | 1 |  1.0
Shields        | 1 |  1.0
Dodging        | |  1.7
Stealth        | |  1.7

Action                   |  1- 3 |  4- 6 |  7- 9 || total
-------------------------+-------+-------+-------++-------
Melee: Dagger            |     4 |       |       ||     4
       Short sword       |     5 |    10 |       ||    15
       Hand axe          |       |       |     5 ||     5
       Headbutt          |       |       |    16 ||    16
       Morningstar       |       |       |   110 ||   110
       Mace              |       |       |     4 ||     4
 Cast: Magic Dart        |    21 |       |       ||    21
       Searing Ray       |    21 |    51 |    33 ||   105
       Mephitic Cloud    |       |       |     7 ||     7
  Use: Scroll            |       |       |    12 ||    12
 Stab: Sleeping          |       |       |     3 ||     3
       Distracted        |       |       |     1 ||     1
Armor: Robe              |     2 |     9 |    60 ||    71
Dodge: Dodged            |     9 |    24 |   130 ||   163
